 Dungeon Sprint DCSS version 0.27.1-1-g398f81649c (webtiles) character file.

Game seed: 12757521083200320660

4 ugugthedestroyer the Cudgeller (level 1, -1/13 HPs)
             Began as a Gargoyle Gladiator on Sept 7, 2021.
             Slain by a scorpion (3 damage)
             ... in the Dungeon (Sprint III: "The Ten Rune Challenge").
             The game lasted 00:01:21 (247 turns).

ugugthedestroyer the Cudgeller (Gargoyle Gladiator)  Turns: 247, Time: 00:01:22

Health: -1/13      AC:  6    Str: 17    XL:     1   Next: 60%
Magic:  1/1        EV:  9    Int:  8    God:
Gold:   14         SH:  9    Dex: 11    Spells: 0/0 levels left

rFire    . . .     SeeInvis .   a - +0 flail
rCold    . . .     Faith    .   k - +2 kite shield
rNeg     + . .     Spirit   .   b - +0 leather armour
rPois    ∞         Reflect  .   c - +0 helmet
rElec    +         Harm     .   (no cloak)
rCorr    .         Rampage  .   (no gloves)
Will     .....     NoTele   +   (no boots)
Stlth    +.........             (no amulet)
HPRegen  0.04/turn              (no ring)
MPRegen  0.07/turn              (no ring)

@: no status effects
A: sickness immunity, AC +2, negative energy resistance 1, electricity
resistance, torment resistance 1, petrification resistance
a: no special abilities


You were in the Dungeon.
You visited 1 branch You collected 14 gold pieces.

Inventory:

Hand Weapons
 a - a +0 flail (weapon)
Armour
 b - a +0 leather armour (worn)
 c - a +0 helmet (worn)
 k - a +2 kite shield (worn)
Scrolls
 j - a scroll of blinking
Potions
 e - a potion of curing
 f - a potion of heal wounds
 g - a potion of haste
 h - 2 potions of magic
 i - a potion of berserk rage


   Skills:
 + Level 2.4 Fighting
 + Level 3.8 Maces & Flails
 - Level 1.7 Throwing
 + Level 0.1 Armour
 + Level 2.8 Dodging


You couldn't memorise any spells.
You didn't know any spells.
Your spell library was empty.

Dungeon Overview and Level Annotations

Branches:
Dungeon (1/1)

Altars:


Innate Abilities, Weirdness & Mutations

You are immune to sickness and miasma.
Your stone body is resilient. (AC +2)
You are immune to poison.
You resist negative energy. (rN+)
You are resistant to electric shocks. (rElec)
You are resistant to unholy torment.
You are immune to petrification.


Message History

You see here a +2 kite shield.
k - a +2 kite shield You start putting on your armour.
You continue putting on your +2 kite shield. x4
You finish putting on your +2 kite shield.
Number of times to repeat, then command key: 100 Number of times to repeat, then command key: 100 HP restored Drop what? 11/52 slots (_ for help) (? for menu, Esc to quit)
You drop 3 throwing nets.
You open the door.
A rat comes into view.
A rat comes into view.
Found 14 gold pieces.
There is an open door here.
You hit the rat.
You kill the rat!
You block the rat's attack.
You see here a rat corpse.
You hit the rat.
The rat is moderately wounded.
The rat bites you but does no damage. You block the rat's attack.
You thump the rat!
You kill the rat!
You now have 14 gold pieces.
You open the door.
There is an open door here.
A scorpion comes into view.
You closely miss the scorpion. The scorpion stings you.
You block the scorpion's attack.
You barely miss the scorpion. You block the scorpion's attack.
The scorpion stings you.
You sock the scorpion!
The scorpion is severely wounded.
You block the scorpion's attack. The scorpion stings you.
* * * LOW HITPOINT WARNING * * *
You hit the scorpion but do no damage.
The scorpion is severely wounded.
The scorpion stings you.
You die...

▓▓▓▓ ▓▓▓▓▓▓
▓<.# +....♣♣
▓..# #.....♣
▓#'####.....♣♣
▓.....#....≈.♣
▓.....#s..≈≈.♣
▓....(#@.≈≈≈≈♣.
▓####'#..≈≈≈≈≈≈
▓....†#.≈≈≈≈≈≈.
▓.....#.≈≈≈≈≈..
▓.....#.≈≈≈....
▓'#####........
▓..............
▓▓▓▓▓▓▓▓▓▓▓▓▓▓▓


You could see a scorpion.

Vanquished Creatures
  2 endoplasms (D)
  2 rats (D)
4 creatures vanquished.

Vanquished Creatures (others)
  A hydra (D)
  3 plants (D)
4 creatures vanquished.

Grand Total: 8 creatures vanquished

Notes
Turn   | Place    | Note
-------+----------+-------------------------------------------
     0 | D        | ugugthedestroyer the Gargoyle Gladiator began the quest for
                  | the Orb.
     0 | D        | Reached XP level 1. HP: 12/12 MP: 1/1
   231 | D        | Killed a six-headed hydra
   240 | D        | Noticed a scorpion
   247 | D        | Slain by a scorpion

Illustrated notes

Levels and vault maps discovered:
D:        dungeon_sprint_mu [sprint_mu_entry_forest, sprint_mu_temple_rooms,
          sprint_mu_d1_spiders, sprint_mu_d2_genie, sprint_mu_d3_branching,
          sprint_mu_orc_legion, sprint_mu_elf_gauntlet, sprint_mu_hive_nellie,
          sprint_mu_lair_fedhas, sprint_mu_vaults_butterflies,
          sprint_mu_slime_circle, sprint_mu_swamp_cave, sprint_mu_snake_twists,
          sprint_mu_blade_basic, sprint_mu_crypt_fortress,
          sprint_mu_tomb_spiral, sprint_mu_vestibule_basic,
          sprint_mu_gehenna_hellfire, sprint_mu_dis_giant,
          sprint_mu_tartarus_statrot, sprint_mu_cocytus_islands, sprint_mu_zot1]

Action                   || total
-------------------------++-------
Melee: Flail             ||    12
Armor: Leather armour    ||     2
Block: Kite shield       ||     5
